AoeStats
← Alfons

Arabian Desert

509967448Analyzed
1v1 RM · 2d ago on Sep 28, 2026· 40m 50s· 2 players
Game mode
Random Map
Map size
Tiny (2 player)
Population
200
Speed
Normal
Resources
Standard
Victory
Conquest
Starting age
Dark Age
Ending age
Imperial Age
RankedLock teamsTeams togetherTeam positionsShared explorationLock speedFull tech treeHidden civsTurbo modeCheats
Victory
Defeat
🇳🇴 Jurchens · Norway
1071
+16
🇦🇷 Ethiopians · Argentina
1069
-16
GarraJaguar
9:07 Loom
11:12 Feudal Age
12:04 Double-Bit Axe
12:39 Horse Collar
22:24 Forging
24:20 Castle Age
23:22 Forging
23:23 Scale Barding Armor
23:43 Scale Mail Armor
25:26 Chain Barding Armor
25:43 Iron Casting
26:11 Husbandry
32:39 Wheelbarrow
32:23 Chain Mail Armor
31:32 Light Cavalry
36:34 Town Watch
39:15 Fletching
Alfons
7:17 Loom
9:30 Feudal Age
10:09 Double-Bit Axe
16:14 Bloodlines
18:24 Scale Barding Armor
18:44 Horse Collar
22:34 Castle Age
21:55 Forging
21:39 Stone Mining
22:21 Gold Mining
23:25 Bow Saw
23:37 Chain Barding Armor
23:53 Heavy Plow
24:31 Gold Shaft Mining
24:33 Stone Shaft Mining
26:41 Wheelbarrow
26:30 Town Watch
27:22 Iron Casting
27:19 Town Watch
28:23 Light Cavalry
30:25 Fletching
33:59 Bodkin Arrow
36:48 Hand Cart
39:11 Fortified Bastions
Connection lost

Rejoining the realm…

Still unreachable

The connection could not be restored.

Session expired

The server has moved on; the page needs a fresh start.